Map: Year Zero LE

Players

Lambo - Winner!

  • Race: Zerg Zerg
  • League: Master
  • Spawn Location: 1:00

HeroMarine

  • Race: Terran Terran
  • League: Master
  • Spawn Location: 11:00

Event: 2019 WCS Winter Europe

VOD

Have the link to the VOD?

Description

Time

  • Played on: March 23, 2019, 9:42 a.m.
  • Length: 17:14

All games in this series

Show
View Real Time Build Order
Export as new Build Order

Lambo Zerg - Winner!

Build Orders: Hatch First 

Get SALT Encoding   

  12  0:01  Drone  
  13  0:13  Overlord  
  13  0:17  Drone  
  14  0:31  Drone x2  
  16  0:50  Hatchery  
  16  0:53  Drone  
  16  0:56  Drone  
  17  0:59  Drone  
  18  1:11  Extractor  
  17  1:15  Spawning Pool  
  16  1:19  Drone  
  16  1:22  Drone  
  18  1:29  Drone  
  19  1:39  Drone  
  20  1:52  Overlord  
  20  2:02  Queen x2, Zergling x4  
  26  2:11  Metabolic Boost  
  26  2:13  Drone  
  26  2:15  Drone  
  28  2:23  Drone  
  28  2:24  Drone  
  30  2:41  Hatchery  
  30  2:43  Drone  
  30  2:46  Drone  
  30  2:51  Pneumatized Carapace  
  31  2:55  Drone  
  32  2:58  Overlord  
  32  3:02  Drone  
  32  3:04  Drone  
  34  3:10  Drone x2  
  36  3:17  Drone x2  
  36  3:18  Drone  
  39  3:20  Overlord  
  39  3:26  Queen  
  41  3:36  Drone  
  42  3:44  Drone x7  
  42  3:45  Queen  
  51  3:49  Overlord  
  51  3:52  Drone  
  52  3:56  Evolution Chamber  
  52  3:57  Drone  
  52  4:02  Overlord  
  52  4:05  Drone x2  
  52  4:09  Queen  
  56  4:15  Drone x2  
  56  4:16  Overlord  
  58  4:18  Drone x2  
  58  4:21  Drone x2  
  62  4:24  Zerg Ground Armor Level 1  
  62  4:29  Extractor  
  62  4:30  Extractor, Drone x2  
  62  4:34  Drone  
  62  4:37  Drone x2  
  62  4:38  Drone, Baneling Nest  
  65  4:39  Overlord  
  65  4:40  Drone  
  65  4:45  Drone x3  
  69  4:53  Drone x3  
  69  4:54  Overlord, Extractor, Zergling x2  
  69  4:55  Zergling x2  
  69  4:56  Drone  
  69  4:59  Drone  
  75  5:00  Evolution Chamber  
  75  5:03  Overlord  
  75  5:06  Queen  
  76  5:07  Drone  
  76  5:09  Lair  
  77  5:15  Extractor  
  77  5:17  Drone x3  
  77  5:18  Drone x2  
  77  5:19  Zergling x6  
  84  5:26  Zerg Melee Weapons Level 1  
  84  5:29  Hatchery  
  84  5:31  Zergling x2  
  84  5:32  Zergling x2  
  85  5:36  Zergling x8  
  85  5:41  Zergling x6  
  92  5:43  Baneling x5  
  92  5:47  Zergling x2  
  92  5:48  Baneling, Zergling x6  
  96  5:55  Overlord  
  96  5:56  Overlord  
  96  5:57  Zergling x4  
  96  5:58  Baneling  
  96  5:59  Baneling x2  
  96  6:03  Overlord  
  98  6:04  Overlord  
  98  6:11  Centrifical Hooks  
  97  6:12  Hydralisk Den  
  97  6:15  Drone x6  
  102  6:22  Extractor  
  102  6:23  Drone x2  
  102  6:24  Drone  
  104  6:28  Drone  
  104  6:29  Drone x2  
  104  6:30  Zergling x8  
  110  6:35  Spore Crawler  
  110  6:38  Zergling x6  
  110  6:41  Zergling x4  
  110  6:42  Zergling x4  
  110  6:43  Grooved Spines  
  110  6:44  Queen  
  116  6:48  Zerg Ground Armor Level 2  
  116  6:49  Hydralisk  
  116  6:53  Drone  
  119  6:54  Hydralisk, Infestation Pit  
  119  6:56  Hydralisk  
  119  6:58  Overseer  
  122  7:06  Hydralisk x3  
  126  7:09  Zergling x6  
  126  7:13  Zergling x2  
  126  7:14  Baneling x11  
  126  7:15  Baneling  
  128  7:16  Overlord  
  128  7:19  Overlord x2  
  128  7:29  Zerg Missile Weapons Level 1  
  127  7:33  Overlord  
  127  7:34  Hydralisk x4, Overlord  
  133  7:39  Hydralisk x3  
  133  7:40  Zergling x8  
  133  7:43  Drone x3  
  150  7:51  Drone x7  
  150  7:54  Hive  
  150  7:56  Muscular Augments  
  150  7:57  Hydralisk  
  152  8:04  Zergling x10  
  156  8:07  Zergling x6  
  159  8:19  Overlord  
  159  8:21  Extractor, Queen  
  159  8:23  Overlord x3  
  159  8:29  Hatchery, Queen  
  159  8:30  Baneling x6  
  159  8:33  Zergling x12  
  159  8:40  Overlord  
  159  8:48  Drone  
  160  8:56  Zergling x26  
  168  9:04  Hydralisk x3, Zergling x2  
  168  9:05  Zergling x6  
  168  9:07  Baneling x3  
  168  9:08  Viper x2  
  184  9:12  Queen  
  184  9:13  Queen  
  184  9:15  Baneling x10  
  184  9:16  Zergling x10  
  193  9:17  Baneling x3  
  193  9:20  Zergling x12  
  196  9:26  Zergling x2  
  196  9:31  Zergling x6  
  196  9:34  Baneling x3  
  196  9:36  Zerg Ground Armor Level 3, Zerg Melee Weapons Level 2  
  199  9:40  Extractor  
  199  9:41  Baneling  
  199  9:42  Baneling x4  
  199  9:43  Zergling x2  
  199  9:46  Baneling x3  
  199  9:55  Baneling x3  
  199  10:06  Zergling x4  
  200  10:12  Zergling x4  
  193  10:19  Zergling x46  
  193  10:21  Hydralisk x3  
  186  10:24  Hydralisk x2  
  187  10:28  Baneling x9  
  187  10:30  Hydralisk x3  
  187  10:33  Baneling x8  
  193  10:38  Zergling x4  
  193  10:39  Baneling x7  
  195  10:45  Hydralisk  
  195  10:46  Zergling x4  
  199  10:54  Baneling x7  
  196  11:05  Zergling x14  
  177  11:12  Zergling x24  
  177  11:16  Hydralisk x2  
  177  11:20  Spire  
  177  11:21  Adrenal Glands  
  177  11:22  Hydralisk  
  177  11:23  Hydralisk  
  180  11:25  Baneling  
  180  11:26  Baneling x5  
  180  11:27  Hydralisk  
  180  11:28  Zergling x16  
  190  11:36  Baneling x7  
  190  11:41  Zergling x10  
  195  11:48  Baneling  
  195  11:49  Baneling x4  
  193  11:54  Zergling x2  
  193  11:55  Zergling x12  
  195  12:03  Zergling x16  
  200  12:13  Hydralisk  
  200  12:14  Hydralisk x6  
  200  12:15  Zergling x2  
  178  12:23  Hydralisk x4  
  178  12:30  Hydralisk, Zergling x2  
  178  12:36  Zergling x4  
  158  12:38  Hydralisk x3  
  158  12:40  Hydralisk  
  158  12:41  Hydralisk  
  157  12:47  Hydralisk  
  150  12:53  Hydralisk x4  
  150  12:56  Hydralisk  
  160  12:58  Viper  
  160  13:01  Zergling x8  
  160  13:03  Baneling x5  
  167  13:08  Zergling x6  
  170  13:13  Zergling x8  
  170  13:16  Baneling x6  
  174  13:20  Queen, Drone x2  
  174  13:23  Zergling x4  
  174  13:24  Zergling x4  
  182  13:32  Zergling x6  
  182  13:33  Zergling x4  
  177  13:37  Zergling x2  
  177  13:38  Zergling x12  
  159  13:44  Zergling x2  
  157  13:49  Hydralisk x3  
  157  13:54  Zerg Missile Weapons Level 2  
  157  13:55  Zerg Melee Weapons Level 3  
  163  13:57  Hydralisk  
  163  13:58  Zergling x14  
  172  14:09  Zergling x12  
  178  14:16  Baneling x11  
  178  14:17  Spore Crawler, Hatchery, Baneling x2  
  177  14:20  Hydralisk  
  177  14:21  Hydralisk  
  175  14:24  Hydralisk, Drone  
  175  14:27  Baneling x6  
  177  14:32  Baneling x5, Zergling x4  
  177  14:35  Drone x2  
  181  14:39  Greater Spire  
  181  14:42  Baneling x5  
  181  14:43  Zergling x4  
  181  14:44  Zergling x6  
  186  14:46  Zergling x4  
  186  14:51  Drone x3  
  191  15:00  Zergling x18  
  197  15:09  Zergling x12  
  197  15:11  Hydralisk x3  
  197  15:12  Zergling x2  
  176  15:15  Viper x2  
  180  15:21  Baneling x9  
  180  15:27  Drone x3  
  184  15:28  Zergling x10  
  184  15:34  Baneling x2  
  184  15:35  Zergling x2  
  189  15:42  Zergling x14  
  194  15:46  Zergling x2  
  194  15:47  Zergling x12  
  197  15:57  Extractor  
  197  16:00  Zergling x18  
  197  16:02  Baneling x7, Hydralisk Den  
  199  16:05  Zergling x4  
  196  16:11  Zergling x6  
  196  16:16  Zergling x10  
  198  16:19  Baneling x5  
  198  16:25  Zergling x16  
  193  16:28  Baneling  
  193  16:29  Baneling x2  
  175  16:37  Hydralisk x5  
  153  16:41  Zergling x6  
  153  16:46  Hydralisk x3  
  152  16:49  Hydralisk  
Show
View Real Time Build Order
Export as new Build Order

HeroMarine Terran 

Build Orders: Command Center First (CC) 

Get SALT Encoding   

  12  0:00  SCV  
  13  0:13  SCV  
  14  0:19  Supply Depot  
  14  0:25  SCV  
  15  0:40  SCV  
  16  0:52  SCV  
  17  1:01  Command Center  
  17  1:05  SCV  
  18  1:15  Barracks  
  18  1:18  SCV  
  18  1:24  Refinery  
  19  1:30  SCV  
  20  1:42  SCV  
  21  1:55  SCV  
  22  2:06  Reaper  
  22  2:07  Orbital Command  
  23  2:13  Orbital Command  
  23  2:26  Command Center  
  23  2:32  SCV  
  24  2:37  Marine  
  24  2:39  SCV  
  26  2:44  SCV  
  26  2:46  Barracks  
  27  2:51  SCV  
  27  2:56  SCV, Barracks Reactor  
  27  2:58  Barracks  
  29  3:04  SCV  
  30  3:08  SCV  
  30  3:10  Supply Depot  
  30  3:12  Refinery  
  31  3:16  SCV  
  32  3:20  SCV  
  33  3:28  SCV  
  33  3:32  SCV, Marine x2  
  33  3:33  Barracks Tech Lab  
  37  3:38  Factory  
  37  3:39  Orbital Command  
  37  3:40  SCV  
  38  3:44  SCV  
  38  3:48  Marine  
  39  3:50  Marine x2  
  39  3:52  SCV, Marine  
  39  3:53  Stimpack  
  43  3:57  SCV  
  43  4:02  Engineering Bay  
  44  4:04  SCV, Engineering Bay  
  44  4:05  SCV, Marine  
  44  4:09  SCV, Marine, Refinery  
  49  4:10  Marine  
  49  4:13  Marine  
  49  4:16  SCV  
  52  4:21  SCV, Supply Depot  
  52  4:23  Marine  
  55  4:27  Marine  
  55  4:28  SCV, Marine  
  55  4:29  Refinery  
  55  4:30  Starport, Factory Reactor  
  57  4:32  SCV  
  57  4:34  SCV  
  57  4:36  Terran Infantry Weapons Level 1  
  59  4:39  Marine  
  59  4:41  SCV  
  59  4:42  Marine  
  59  4:45  Marine, Supply Depot  
  63  4:48  Terran Infantry Armor Level 1  
  63  4:49  Marine  
  64  4:56  SCV x2, Marine  
  67  5:04  Marine x2  
  67  5:06  Orbital Command, Supply Depot  
  67  5:07  Marine  
  69  5:08  SCV  
  69  5:09  SCV  
  69  5:12  Factory Tech Lab  
  69  5:14  Medivac x2  
  76  5:15  Marine  
  76  5:19  Supply Depot  
  77  5:23  Supply Depot  
  77  5:27  Barracks Reactor  
  77  5:28  SCV x2, Marine  
  80  5:30  Supply Depot  
  83  5:35  Siege Tank  
  83  5:40  Barracks x2  
  83  5:42  SCV x3  
  86  5:46  Marine x3  
  89  5:54  SCV x3  
  92  5:57  Armory  
  92  5:58  Combat Shield  
  92  5:59  Refinery  
  92  6:06  SCV x3, Marine x2  
  92  6:08  Marine  
  92  6:09  Marine  
  99  6:12  Supply Depot  
  100  6:18  SCV x3  
  100  6:20  Supply Depot  
  100  6:22  Siege Tank  
  105  6:29  Marine x3  
  105  6:30  SCV, Barracks Reactor x2, Marine x2  
  104  6:35  SCV x2  
  106  6:42  SCV  
  106  6:45  Terran Infantry Weapons Level 2, Terran Infantry Armor Level 2  
  108  6:47  SCV, Marine x4  
  108  6:48  Marine  
  108  6:49  Medivac, Supply Depot  
  108  6:51  Medivac  
  117  7:01  Terran Vehicle And Ship Armor Level 1  
  117  7:05  Marine x3  
  120  7:13  Barracks  
  120  7:15  Marine x6  
  124  7:17  Barracks  
  124  7:21  Barracks  
  124  7:22  Supply Depot  
  126  7:23  Medivac x2, Marine x2  
  126  7:28  Supply Depot  
  126  7:29  Siege Tank  
  135  7:34  Marauder  
  137  7:40  Marine x3  
  137  7:41  Marine x5  
  134  7:49  Supply Depot  
  134  7:51  Supply Depot  
  134  7:55  Marauder  
  134  7:57  Medivac x2  
  134  7:58  Marine x3  
  140  8:02  Command Center  
  140  8:03  Barracks Tech Lab  
  140  8:04  Concussive Shells  
  140  8:05  Marine, Barracks Tech Lab  
  143  8:06  Marine x4  
  143  8:08  Barracks Tech Lab  
  148  8:16  Marauder, Supply Depot  
  148  8:17  Marine  
  148  8:18  Marine x2  
  153  8:23  Siege Tank, Marine  
  153  8:25  Marauder x2, Marine x2  
  153  8:26  Marine  
  163  8:35  Marauder  
  163  8:36  Marine x3  
  163  8:37  Marine  
  163  8:38  Marauder  
  171  8:41  Marine  
  171  8:43  Marine x3  
  171  8:46  Marauder x2  
  171  8:47  Supply Depot  
  179  8:54  Marine x3  
  178  9:03  Medivac x2  
  178  9:04  Marauder x2  
  178  9:08  Marauder, Marine  
  178  9:09  Marine x4  
  193  9:15  Marine x3  
  193  9:16  Liberator  
  196  9:19  Marauder  
  197  9:27  Terran Infantry Weapons Level 3  
  195  9:36  Refinery  
  198  9:42  Planetary Fortress  
  198  9:46  Marine x2  
  198  9:48  Sensor Tower  
  198  9:52  Terran Infantry Armor Level 3  
  200  9:53  Terran Vehicle And Ship Armor Level 2  
  200  10:12  Marauder, Command Center  
  186  10:17  Marauder  
  186  10:18  Marine x2  
  154  10:22  Marauder, Marine x3  
  154  10:23  Medivac, Marine  
  154  10:24  Medivac, Marine  
  154  10:25  Marauder, Marine  
  155  10:33  Marauder  
  155  10:34  SCV x3  
  155  10:35  SCV  
  161  10:36  Liberator, Marine x2  
  161  10:37  Refinery  
  161  10:38  Refinery  
  161  10:39  Marauder  
  161  10:40  Marine  
  161  10:41  Marine x3  
  169  10:44  Marauder  
  169  10:45  Siege Tank  
  169  10:46  Marauder  
  169  10:49  Marine x2  
  178  10:53  Marine  
  178  10:54  Marine  
  178  10:55  Marauder  
  184  10:57  Marine  
  184  11:00  Marauder  
  187  11:05  Marauder, Medivac  
  167  11:12  Marauder, Marine  
  167  11:13  Marine x2  
  167  11:14  Marine x2  
  167  11:15  Marine  
  167  11:16  Marauder  
  167  11:18  Marine x2  
  143  11:21  Marauder  
  143  11:24  SCV x2, Orbital Command  
  146  11:26  Marauder  
  148  11:33  Marauder  
  148  11:34  Fusion Core, Starport  
  148  11:35  Starport, Medivac  
  148  11:36  Medivac  
  148  11:37  Marine x3  
  148  11:38  Marauder  
  159  11:46  Siege Tank  
  162  11:49  Marauder, Marine  
  167  11:54  Sensor Tower  
  167  11:57  Marauder  
  167  11:59  Marine x3  
  167  12:00  Marine x5  
  176  12:01  Liberator  
  176  12:05  Medivac  
  176  12:06  Marine  
  168  12:10  Marauder  
  156  12:17  Marine x5  
  156  12:18  Liberator, Marine x3  
  156  12:19  Marauder  
  123  12:24  Marine  
  124  12:31  Marauder  
  124  12:35  Marine x6  
  124  12:36  Marine x2  
  126  12:40  Marauder, Orbital Command  
  126  12:42  Marine  
  110  12:51  SCV, Starport Reactor  
  106  12:52  SCV x3  
  106  12:53  Marauder, Marine x6  
  121  12:59  Liberator  
  121  13:03  Marine x3  
  121  13:04  SCV x4, Marine  
  121  13:05  SCV, Starport Tech Lab, Siege Tank  
  129  13:09  Liberator x2  
  129  13:12  Refinery x2  
  130  13:14  Barracks Tech Lab  
  130  13:16  Supply Depot x2  
  135  13:24  Marine x5  
  143  13:32  Liberator x2  
  143  13:33  Marine x2  
  143  13:34  Marauder, Marine x2  
  137  13:40  Marauder  
  117  13:42  Marine x2  
  117  13:44  Liberator  
  117  13:47  Marine  
  117  13:48  Marine x2  
  108  13:51  Marine x3  
  108  13:55  Marauder, Liberator  
  117  13:58  Liberator  
  117  14:00  Marine x2  
  124  14:03  Advanced Ballistics  
  124  14:05  Marine  
  124  14:07  Marine x2  
  124  14:09  Marine x2  
  129  14:11  Marauder  
  129  14:15  Liberator  
  133  14:18  Liberator  
  135  14:27  Liberator  
  135  14:30  Marine  
  135  14:31  Marine x5  
  138  14:38  Supply Depot  
  145  14:41  Supply Depot  
  145  14:44  Marine x2  
  150  14:48  Marine  
  150  14:49  Marine  
  150  14:50  Marine  
  150  14:51  Marine  
  154  14:58  Marauder  
  158  15:00  Marauder x2  
  158  15:03  Orbital Command  
  158  15:05  Liberator x2  
  155  15:12  Marine x3  
  155  15:13  Marine  
  155  15:14  Medivac x2  
  141  15:26  Marine  
  141  15:27  Marine  
  149  15:33  Liberator x2  
  149  15:36  Marine x2  
  149  15:38  Marine  
  149  15:39  Marine x2  
  154  15:47  Marine x3  
  157  15:52  Marine x2  
  157  15:55  Liberator  
  157  15:56  Marauder  
  167  16:03  Marine x2  
  169  16:10  Supply Depot  
  169  16:12  Supply Depot  
  169  16:16  Marine  
  172  16:19  Marine  
  172  16:21  Marine  
  172  16:25  Marauder, Marine x2  
  159  16:29  Marine x2  
  159  16:30  Marine  
  153  16:39  Marine  
  125  16:41  Marine  
  114  16:49  Marine  
  114  16:50  Marine  
Tags
 
Add a new tag
Caveats
  • Supply blocks, unpowered buildings, or Contaminate may cause inaccurate times.
  • Supply counts are checked every 10 seconds.